 Dungeon Crawl Stone Soup version 0.28.0 (webtiles) character file.

Game seed: 5012461628854480970

23 RighteousDevil the Cudgeller (level 2, -5/23 HPs)
             Began as a Demonspawn Gladiator on Feb 5, 2022.
             Slain by an ogre (18 damage)
             ... on level 2 of the Dungeon.
             The game lasted 00:01:47 (755 turns).

RighteousDevil the Cudgeller (Demonspawn Gladiator)  Turns: 755, Time: 00:01:47

Health: -5/23      AC:  5    Str: 14    XL:     2   Next: 72%
Magic:  2/2        EV: 11    Int:  9    God:
Gold:   6          SH:  0    Dex: 14    Spells: 1/1 levels left

rFire   + . .      SeeInvis .   a - +0 flail
rCold   + . .      Faith    .   (no shield)
rNeg    . . .      Spirit   .   f - +0 ring mail
rPois   .          Reflect  .   (helmet restricted)
rElec   .          Harm     .   g - scarf {rC+ rF+}
rCorr   .          Rampage  .   (no gloves)
Will    .....                   (no boots)
Stlth   +.........              (no amulet)
HPRegen 0.07/turn               (no ring)
MPRegen 0.08/turn               (no ring)

@: no status effects
A: horns 1
a: no special abilities


You were on level 2 of the Dungeon.
You visited 1 branch of the dungeon, and saw 2 of its levels.

You collected 6 gold pieces.

Inventory:

Hand Weapons
 a - a +0 flail (weapon)
Missiles
 d - 3 throwing nets (quivered)
Armour
 b - a +0 leather armour
 c - a +0 helmet
 f - a +0 ring mail (worn)
 g - a scarf of resistance (worn)
Scrolls
 e - 2 scrolls of identify {unknown}
 h - a scroll of amnesia {unknown}


   Skills:
 + Level 2.3 Fighting
 * Level 3.2 Maces & Flails
 - Level 1.7 Throwing
 + Level 2.9 Dodging


You had one spell level left.
You didn't know any spells.
Your spell library was empty.

Dungeon Overview and Level Annotations

Branches:
Dungeon (2/15)

Altars:

Shops:
D:1 (


Innate Abilities, Weirdness & Mutations

You have a pair of small horns on your head.


Message History

A kobold comes into view. It is wielding a +0 short sword.
The kobold shouts!
You hear an angry hiss. x2
The kobold throws a stone.
The stone hits you but does no damage.
You hit the kobold.
You kill the kobold!
A frilled lizard comes into view.
A frilled lizard comes into view.
The frilled lizard hisses angrily.
Things that are here:
a +0 short sword; 4 stones You sock the frilled lizard!
You kill the frilled lizard!
Found a stone staircase leading down.
You see here a frilled lizard corpse.
You closely miss the frilled lizard.
The frilled lizard bites you but does no damage.
You thump the frilled lizard!
You kill the frilled lizard!
No target in view!
No target in view!
There is a stone staircase leading up here.
A goblin comes into view. It is wielding a +0 club.
The goblin shouts!
No target in view!
No target in view!
No target in view!
No target in view!
No target in view!
No target in view!
A goblin and an ogre come into view.
Found an inky potion and 7 gold pieces.
The ogre shouts!
You hit the goblin.
You kill the goblin!
You barely miss the ogre. The ogre hits you with a +0 giant club!
You hit the ogre. You headbutt the ogre.
The ogre is moderately wounded.
The ogre hits you with a +0 giant club!!
Ouch! That really hurt!
You die...

#.......###)###.##
######<## ##†..##
#.# #.†...#
#.####.....#
#..#.##.#..#
##...##....#
####.>##..#
###..#####
#.@##..# ##O# .##
... # #..!. #.....
##...## ##... $...


You could see an ogre.

Vanquished Creatures
  A dart slug (D:1)
  A bat (D:1)
  2 endoplasms (D:1)
  A giant cockroach (D:1)
  3 goblins
  2 hobgoblins (D:1)
  2 ball pythons (D:1)
  4 frilled lizards
  2 kobolds
  2 rats (D:1)
20 creatures vanquished.

Notes
Turn   | Place    | Note
-------+----------+-------------------------------------------
     0 | D:1      | RighteousDevil the Demonspawn Gladiator began the quest for
                  | the Orb.
     0 | D:1      | Reached XP level 1. HP: 16/16 MP: 1/1
   203 | D:1      | Found Etimu's Weapon Emporium.
   289 | D:1      | Reached skill level 3 in Maces & Flails
   289 | D:1      | Gained mutation: You have a pair of small horns on your
                  | head. [demonic ancestry]
   289 | D:1      | Reached XP level 2. HP: 22/22 MP: 2/2
   752 | D:2      | Noticed an ogre
   755 | D:2      | Slain by an ogre

Illustrated notes

Levels and vault maps discovered:
D:1:      minmay_arrival_radiant_lines, layout_rooms, serial_shops, shop,
          minivault_4
D:2:      layout_loops_cross, st_stairs_7, minmay_worlds_worst_comb

Skill      XL: |  1 |
---------------+----+-----
Maces & Flails | 3 |  3.2
Fighting       | |  2.3
Throwing       | |  1.7
Dodging        | |  2.9

Action                   || total
-------------------------++-------
Melee: Flail             ||    45
       Headbutt          ||     3
Armor: Ring mail         ||    22
       Leather armour    ||     5
Dodge: Dodged            ||    22
